| TOP OF THE 1ST |
|
UCLA Bruins batting - Pitching for Rice University Owls : RHP Frank Renteria
|
|
Pitching: RHP Frank Renteria
|
|
|
Batting: LHB Mark Cummings
|
0-0: Ball 1-0: Foul Ball, location: 2F 1-1: Foul Ball, location: 2F 1-2: Foul Ball, location: 2F 1-2: Strikes out swinging
|
|
Batting: RHB Ken Hillman
|
0-0: Ball 1-0: Called Strike 1-1: Ground out 4-3 (Groundball, 4, EV 84.4 MPH)
|
|
Batting: RHB Andy Knerr
|
0-0: Ball 1-0: Foul Ball, location: 2F 1-1: Ball 2-1: Foul Ball, location: 2F 2-2: Strikes out swinging
|
| Top of the 1st over - 0 runs, 0 hits, 0 errors, 0 left on base; UCLA 0 - Rice University 0 |
| BOTTOM OF THE 1ST |
|
Rice University Owls batting - Pitching for UCLA Bruins : RHP Alex Rosales
|
|
Pitching: RHP Alex Rosales
|
|
|
Batting: RHB Allen Jarvis
|
0-0: Ball 1-0: Foul Ball, location: 2F 1-1: Ball 2-1: Foul Ball, location: 2F 2-2: Fly out, F8 (Line Drive, 8RD, EV 93.8 MPH)
|
|
Batting: SHB Wendel van Baal
|
0-0: Swinging Strike 0-1: Ball 1-1: Ball 2-1: Called Strike 2-2: Fly out, F8 (Flyball, 8RD, EV 92.5 MPH)
|
|
Batting: RHB Jose Soto
|
0-0: Ball 1-0: Ball 2-0: DOUBLE (Line Drive, 78D, EV 108.8 MPH)
|
|
Batting: SHB Ken Wilson
|
0-0: SINGLE (Line Drive, 89S, EV 111.2 MPH) Jose Soto to third
|
|
Batting: LHB Chris Gonzales
|
0-0: Ball 1-0: Ball 2-0: Called Strike 2-1: Ball 3-1: Fly out, F6 (Flyball, 6MD, EV 92.5 MPH)
|
| Bottom of the 1st over - 0 runs, 2 hits, 0 errors, 2 left on base; UCLA 0 - Rice University 0 |
| TOP OF THE 2ND |
|
UCLA Bruins batting - Pitching for Rice University Owls : RHP Frank Renteria
|
|
Batting: RHB Corey Bradley
|
0-0: Called Strike 0-1: Ball 1-1: Ground out 1-3 (Groundball, 34S, EV 68.1 MPH)
|
|
Batting: RHB Issac Konol
|
0-0: Ball 1-0: Called Strike 1-1: DOUBLE (Line Drive, 5D, EV 106.9 MPH)
|
|
Batting: LHB Scott Mullett
|
0-0: Foul Ball, location: 2F 0-1: Foul Ball, location: 2F 0-2: Foul Ball, location: 2F 0-2: Ball 1-2: Foul Ball, location: 2F 1-2: Ground out 5-3 (Groundball, 56, EV 81.2 MPH)
|
|
Batting: RHB Dave Spradley
|
0-0: Ball 1-0: Ball 2-0: Ball 3-0: Called Strike 3-1: Called Strike 3-2: Foul Ball, location: 2F 3-2: Strikes out looking
|
| Top of the 2nd over - 0 runs, 1 hit, 0 errors, 1 left on base; UCLA 0 - Rice University 0 |
| BOTTOM OF THE 2ND |
|
Rice University Owls batting - Pitching for UCLA Bruins : RHP Alex Rosales
|
|
Batting: SHB Steve Wipf
|
0-0: Called Strike 0-1: Foul Ball, location: 2F 0-2: Ball 1-2: Foul Ball, location: 2F 1-2: Foul Ball, location: 2F 1-2: Fly out, F9 (Flyball, 9, EV 89.4 MPH)
|
|
Batting: SHB Dave Van Sickle
|
0-0: Ball 1-0: Ground out 6-3 (Groundball, 6, EV 84.4 MPH)
|
|
Batting: RHB Javier Quinones
|
0-0: Ball 1-0: Called Strike 1-1: Ball 2-1: DOUBLE (Groundball, 5L, EV 106.2 MPH)
|
|
Batting: RHB Emanuel Pulido
|
0-0: Foul Ball, location: 2F 0-1: Ground out 5-3 (Groundball, 5L, EV 86.2 MPH)
|
| Bottom of the 2nd over - 0 runs, 1 hit, 0 errors, 1 left on base; UCLA 0 - Rice University 0 |
| TOP OF THE 3RD |
|
UCLA Bruins batting - Pitching for Rice University Owls : RHP Frank Renteria
|
|
Batting: RHB Michael Alvarado
|
0-0: Called Strike 0-1: Called Strike 0-2: Ball 1-2: Ball 2-2: Foul Ball, location: 2F 2-2: Ground out 5-3 (Groundball, 56S, EV 88.8 MPH)
|
|
Batting: RHB Ivan Murillo
|
0-0: Fly out, F8 (Flyball, 89M, EV 86.2 MPH)
|
|
Batting: LHB Mark Cummings
|
0-0: Ball 1-0: Ball 2-0: Ball 3-0: Base on Balls
|
|
Batting: RHB Ken Hillman
|
0-0: Ball 1-0: Swinging Strike 1-1: Called Strike 1-2: Foul Ball, location: 2F 1-2: Foul Ball, location: 2F 1-2: Fly out, F8 (Flyball, 8RD, EV 87.5 MPH)
|
| Top of the 3rd over - 0 runs, 0 hits, 0 errors, 1 left on base; UCLA 0 - Rice University 0 |
| BOTTOM OF THE 3RD |
|
Rice University Owls batting - Pitching for UCLA Bruins : RHP Alex Rosales
|
|
Batting: RHB Allen Jarvis
|
0-0: Ball 1-0: Foul Ball, location: 2F 1-1: Ground out 5-3 (Groundball, 56S, EV 61.9 MPH)
|
|
Batting: SHB Wendel van Baal
|
0-0: Ball 1-0: DOUBLE (Flyball, 78XD, EV 115.0 MPH)
|
|
Batting: RHB Jose Soto
|
0-0: Fly out, F8 (Flyball, 8RD, EV 90.6 MPH)
|
|
Batting: SHB Ken Wilson
|
0-0: Ball 1-0: Ball 2-0: Swinging Strike 2-1: Ground out U3 (Groundball, 3L, EV 103.8 MPH)
|
| Bottom of the 3rd over - 0 runs, 1 hit, 0 errors, 1 left on base; UCLA 0 - Rice University 0 |
| TOP OF THE 4TH |
|
UCLA Bruins batting - Pitching for Rice University Owls : RHP Frank Renteria
|
|
Batting: RHB Andy Knerr
|
0-0: Ball 1-0: Foul Ball, location: 2F 1-1: Ball 2-1: Called Strike 2-2: Reached on error, E5 (Groundball, 56, EV 90.6 MPH)
|
|
Batting: RHB Corey Bradley
|
0-0: Ball 1-0: SINGLE (Flyball, 89S, EV 88.1 MPH) Andy Knerr to third
|
|
Batting: RHB Issac Konol
|
0-0: Called Strike 0-1: Foul Ball, location: 2F 0-2: Ball 1-2: 3-RUN HOME RUN (Flyball, 7D, EV 99.4 MPH), Distance : 369 ft
|
|
Batting: LHB Scott Mullett
|
0-0: Called Strike 0-1: Foul Ball, location: 2F 0-2: Ball 1-2: Strikes out looking
|
|
Batting: RHB Dave Spradley
|
0-0: Called Strike 0-1: Ball 1-1: Foul Ball, location: 2F 1-2: Ball 2-2: Ball 3-2: Ground out 4-3 (Groundball, 4, EV 101.9 MPH)
|
|
Batting: RHB Michael Alvarado
|
0-0: Called Strike 0-1: Ball 1-1: Fly out, F8 (Flyball, 8LD, EV 103.8 MPH)
|
| Top of the 4th over - 3 runs, 2 hits, 1 error, 0 left on base; UCLA 3 - Rice University 0 |
| BOTTOM OF THE 4TH |
|
Rice University Owls batting - Pitching for UCLA Bruins : RHP Alex Rosales
|
|
Batting: LHB Chris Gonzales
|
0-0: Ground out U3 (Groundball, 3S, EV 86.9 MPH)
|
|
Batting: SHB Steve Wipf
|
0-0: Called Strike 0-1: Fly out, F7 (Flyball, 7LDF, EV 92.5 MPH)
|
|
Batting: SHB Dave Van Sickle
|
0-0: Fly out, F8 (Line Drive, 8RD, EV 91.2 MPH)
|
| Bottom of the 4th over - 0 runs, 0 hits, 0 errors, 0 left on base; UCLA 3 - Rice University 0 |
| TOP OF THE 5TH |
|
UCLA Bruins batting - Pitching for Rice University Owls : RHP Frank Renteria
|
|
Batting: RHB Ivan Murillo
|
0-0: Ball 1-0: Foul Ball, location: 2F 1-1: Ball 2-1: Ball 3-1: Fly out, F2 (Popup, 23F, EV 76.9 MPH)
|
|
Batting: LHB Mark Cummings
|
0-0: Foul Ball, location: 2F 0-1: Ball 1-1: Swinging Strike 1-2: Foul Ball, location: 2F 1-2: Strikes out looking
|
|
Batting: RHB Ken Hillman
|
0-0: Foul Ball, location: 2F 0-1: Ball 1-1: Called Strike 1-2: Ball 2-2: Fly out, F8 (Flyball, 8LD, EV 99.4 MPH)
|
| Top of the 5th over - 0 runs, 0 hits, 0 errors, 0 left on base; UCLA 3 - Rice University 0 |
| BOTTOM OF THE 5TH |
|
Rice University Owls batting - Pitching for UCLA Bruins : RHP Alex Rosales
|
|
Batting: RHB Javier Quinones
|
0-0: Ball 1-0: Ball 2-0: Ball 3-0: Base on Balls
|
|
Batting: RHB Emanuel Pulido
|
0-0: Ball 1-0: Fly out, F8 (Flyball, 89D, EV 95.0 MPH)
|
|
Batting: RHB Allen Jarvis
|
0-0: Ball 1-0: Ball 2-0: Ball 3-0: Called Strike 3-1: Base on Balls Javier Quinones to second
|
|
Batting: SHB Wendel van Baal
|
0-0: Ball 1-0: Ball 2-0: Ball 3-0: Base on Balls Javier Quinones to third Allen Jarvis to second
|
|
Batting: RHB Jose Soto
|
0-0: Ball 1-0: Ball 2-0: Ball 3-0: Called Strike 3-1: Called Strike 3-2: Foul Ball, location: 2F 3-2: Foul Ball, location: 2F 3-2: Base on Balls Javier Quinones scores Allen Jarvis to third Wendel van Baal to second
|
|
Batting: SHB Ken Wilson
|
0-0: Ball 1-0: Foul Ball, location: 2F 1-1: Ball 2-1: SINGLE (Line Drive, 89S, EV 90.0 MPH) Allen Jarvis scores Wendel van Baal to third Jose Soto to second Runner from 3rd tries for Home, SAFE, throw by RF to home
|
|
Batting: LHB Chris Gonzales
|
0-0: Called Strike 0-1: Called Strike 0-2: Fly out, F7 (Flyball, 7, EV 95.0 MPH)
|
|
Batting: SHB Steve Wipf
|
0-0: Ball 1-0: Called Strike 1-1: Ball 2-1: Foul Ball, location: 2F 2-2: Strikes out swinging
|
| Bottom of the 5th over - 3 runs, 1 hit, 0 errors, 2 left on base; UCLA 3 - Rice University 3 |
| TOP OF THE 6TH |
|
UCLA Bruins batting - Pitching for Rice University Owls : RHP Frank Renteria
|
|
Pitching: LHP Shan Ping
|
|
|
Batting: RHB Andy Knerr
|
0-0: Ball 1-0: Fly out, F9 (Line Drive, 9, EV 98.1 MPH)
|
|
Batting: RHB Corey Bradley
|
0-0: Fly out, F8 (Flyball, 8RD, EV 95.6 MPH)
|
|
Batting: RHB Issac Konol
|
0-0: Called Strike 0-1: Ball 1-1: Ball 2-1: Swinging Strike 2-2: Ball 3-2: Fly out, F9 (Flyball, 89S, EV 86.2 MPH)
|
| Top of the 6th over - 0 runs, 0 hits, 0 errors, 0 left on base; UCLA 3 - Rice University 3 |
| BOTTOM OF THE 6TH |
|
Rice University Owls batting - Pitching for UCLA Bruins : RHP Alex Rosales
|
|
Batting: SHB Dave Van Sickle
|
0-0: Called Strike 0-1: Ground out 4-3 (Groundball, 4, EV 80.6 MPH)
|
|
Batting: RHB Javier Quinones
|
0-0: Ball 1-0: Foul Ball, location: 2F 1-1: Swinging Strike 1-2: Foul Ball, location: 2F 1-2: Ball 2-2: SINGLE (Line Drive, 6M, EV 106.2 MPH)
|
|
Pitching: RHP Quincy Bowen
|
|
|
Batting: RHB Emanuel Pulido
|
0-0: Foul Ball, location: 2F 0-1: Ball 1-1: Foul Ball, location: 2F 1-2: Grounds out, U3 (Groundball, 3L, EV 104.4 MPH)
|
|
Batting: RHB Allen Jarvis
|
0-0: Ball 1-0: Ball 2-0: Ball 3-0: Base on Balls
|
|
Batting: SHB Wendel van Baal
|
0-0: Ball 1-0: Ball 2-0: Foul Ball, location: 2F 2-1: Foul Ball, location: 2F 2-2: Strikes out swinging
|
| Bottom of the 6th over - 0 runs, 1 hit, 0 errors, 2 left on base; UCLA 3 - Rice University 3 |
| TOP OF THE 7TH |
|
UCLA Bruins batting - Pitching for Rice University Owls : LHP Shan Ping
|
|
Batting: LHB Scott Mullett
|
0-0: Called Strike 0-1: Swinging Strike 0-2: Foul Ball, location: 2F 0-2: Ball 1-2: Ball 2-2: Strikes out swinging
|
|
Batting: RHB Dave Spradley
|
0-0: Fly out, F7 (Flyball, 7LSF, EV 88.8 MPH)
|
|
Batting: RHB Michael Alvarado
|
0-0: Called Strike 0-1: Ball 1-1: Ball 2-1: Fly out, F9 (Flyball, 9LSF, EV 92.5 MPH)
|
| Top of the 7th over - 0 runs, 0 hits, 0 errors, 0 left on base; UCLA 3 - Rice University 3 |
| BOTTOM OF THE 7TH |
|
Rice University Owls batting - Pitching for UCLA Bruins : RHP Quincy Bowen
|
|
Pitching: LHP Joe Landgraff
|
|
|
Batting: RHB Jose Soto
|
0-0: Ball 1-0: Called Strike 1-1: Ball 2-1: Foul Ball, location: 2F 2-2: Foul Ball, location: 2F 2-2: Ball 3-2: Fly out, F8 (Flyball, 8RS, EV 91.2 MPH)
|
|
Batting: SHB Ken Wilson
|
0-0: Foul Ball, location: 2F 0-1: Ball 1-1: Ball 2-1: Foul Ball, location: 2F 2-2: Foul Ball, location: 2F 2-2: Fly out, F7 (Flyball, 7, EV 94.4 MPH)
|
|
Batting: LHB Chris Gonzales
|
0-0: Ball 1-0: Ball 2-0: Foul Ball, location: 2F 2-1: Ball 3-1: Base on Balls
|
|
Batting: SHB Steve Wipf
|
0-0: Called Strike Chris Gonzales steals 2nd base (no throw) 0-1: Fly out, F8 (Flyball, 8RD, EV 106.2 MPH)
|
| Bottom of the 7th over - 0 runs, 0 hits, 0 errors, 1 left on base; UCLA 3 - Rice University 3 |
| TOP OF THE 8TH |
|
UCLA Bruins batting - Pitching for Rice University Owls : LHP Shan Ping
|
|
Pitching: RHP Michael Benford
|
|
|
Pinch Hitting: SHB Mike Beck
|
0-0: Foul Ball, location: 2F 0-1: Ball 1-1: Ground out 6-3 (Groundball, 56, EV 88.8 MPH)
|
|
Batting: LHB Mark Cummings
|
0-0: Ball 1-0: Ball 2-0: Called Strike 2-1: Ground out U3 (Groundball, 34D, EV 86.9 MPH)
|
|
Pinch Hitting: SHB Sean Munns
|
0-0: Called Strike 0-1: Fly out, F9 (Line Drive, 89M, EV 106.2 MPH)
|
| Top of the 8th over - 0 runs, 0 hits, 0 errors, 0 left on base; UCLA 3 - Rice University 3 |
| BOTTOM OF THE 8TH |
|
Rice University Owls batting - Pitching for UCLA Bruins : LHP Joe Landgraff
|
|
Pitching: LHP Honor Munoz
|
|
|
Now at 3B: King Pinsent
|
|
|
Now at SS: Mike Beck
|
|
|
Batting: SHB Dave Van Sickle
|
0-0: Ball 1-0: Foul Ball, location: 2F 1-1: Swinging Strike 1-2: Strikes out swinging
|
|
Batting: RHB Javier Quinones
|
0-0: Ball 1-0: Fly out, F7 (Flyball, 7D, EV 96.2 MPH)
|
|
Batting: RHB Emanuel Pulido
|
0-0: Ball 1-0: SINGLE (Groundball, 6D, EV 108.1 MPH)
|
|
Batting: RHB Allen Jarvis
|
0-0: Ball 1-0: Foul Ball, location: 2F 1-1: Ball 2-1: Called Strike 2-2: DOUBLE (Flyball, 78D, EV 93.1 MPH) Emanuel Pulido to third Runner from 3rd tries for Home, SAFE, throw by CF to home
|
|
Batting: SHB Wendel van Baal
|
0-0: Called Strike 0-1: Swinging Strike 0-2: Strikes out swinging
|
| Bottom of the 8th over - 1 run, 2 hits, 0 errors, 1 left on base; UCLA 3 - Rice University 4 |
| TOP OF THE 9TH |
|
UCLA Bruins batting - Pitching for Rice University Owls : RHP Michael Benford
|
|
Batting: RHB Andy Knerr
|
0-0: Ground out 4-3 (Groundball, 34, EV 105.0 MPH)
|
|
Batting: RHB Luis de Jesus
|
0-0: Ball 1-0: Foul Ball, location: 2F 1-1: Foul Ball, location: 2F 1-2: Ground out 1-3 (Groundball, 34S, EV 68.1 MPH)
|
|
Batting: RHB Issac Konol
|
0-0: Ball 1-0: Ground out 4-3 (Groundball, 4, EV 85.0 MPH)
|
| Top of the 9th over - 0 runs, 0 hits, 0 errors, 0 left on base; UCLA 3 - Rice University 4 |
|